 Dungeon Crawl Stone Soup version 0.20.0-15-g7f486f2 (webtiles) character file.

720 Cactus the Destroyer (level 7, 0/41 HPs)
             Began as a Deep Elf Conjurer on June 18, 2017.
             Was a Follower of Sif Muna.
             Slain by a centaur (1 damage)
             ... on level 5 of the Dungeon.
             The game lasted 00:22:03 (3864 turns).

Cactus the Destroyer (Deep Elf Conjurer)            Turns: 3864, Time: 00:22:04

Health: 0/41       AC:  2    Str:  5    XL:     7   Next: 42%
Magic:  1/13       EV: 13    Int: 24    God:    Sif Muna [*.....]
Gold:   203        SH:  0    Dex: 15    Spells: 5/12 levels left

rFire    . . .     SeeInvis .   a - +0 short sword
rCold    . . .     Gourm    .   (no shield)
rNeg     . . .     Faith    .   l - +0 robe
rPois    .         Spirit   .   (no helmet)
rElec    .         Reflect  .   (no cloak)
rCorr    .         Harm     .   (no gloves)
MR       .....                  (no boots)
Stlth    +.........             (no amulet)
Regen    0.2/turn               m - ring of loudness (curse)
MPRegen  0.2/turn               k - +2 ring of intelligence

@: no status effects
A: no striking features
a: Divine Energy, Renounce Religion


You were on level 5 of the Dungeon.
You worshipped Sif Muna.
Sif Muna was aware of your devotion.
You were not hungry.

You visited 1 branch of the dungeon, and saw 6 of its levels.

You collected 203 gold pieces.

Inventory:

Hand Weapons
 a - a +0 short sword (weapon)
 b - a +0 blowgun
Missiles
 h - 51 poisoned needles
Armour
 l - a +0 robe (worn)
Jewellery
 g - an uncursed ring of poison resistance
 k - a +2 ring of intelligence (right hand)
 m - a cursed ring of loudness (left hand)
 x - a cursed amulet of inaccuracy {unknown}
Scrolls
 i - 3 scrolls of fear {unknown}
 n - 2 scrolls of teleportation {unknown}
 o - a scroll of fog {unknown}
 r - 2 scrolls of blinking
 s - a scroll of noise {unknown}
 t - a scroll of magic mapping {unknown}
 v - a scroll of enchant armour {unknown}
 y - 2 scrolls of remove curse {unknown}
Potions
 d - a potion of flight {unknown}
 e - 5 potions of curing {unknown}
 f - 3 potions of berserk rage {unknown}
 j - 2 potions of cancellation {unknown}
 p - a potion of resistance {unknown}
Books
 w - a book of Conjurations

   Spells                             Type                      Level
   a - Magic Dart                     Conjuration                  1
   b - Searing Ray                    Conjuration                  2
   c - Dazzling Spray                 Conjuration/Hexes            3
   d - Fulminant Prism                Conjuration/Hexes            4
   e - Force Lance                    Conjuration/Translocation    4
   f - Iskenderun's Mystic Blast      Conjuration                  4
Comestibles
 c - 4 bread rations
 u - a meat ration


   Skills:
 + Level 3.0 Fighting
 - Level 0.4 Short Blades
 - Level 2.4 Dodging
 - Level 2.4 Stealth
 - Level 0.1 Unarmed Combat
 - Level 3.0 Spellcasting
 * Level 9.0 Conjurations


You had 5 spell levels left.
You knew the following spells:

 Your Spells              Type           Power        Failure   Level  Hunger
a - Iskenderun's Mystic   Conj           #####...     2%          4    ####...
r - Searing Ray           Conj           #####.       1%          2    ##.....
z - Magic Dart            Conj           ####         1%          1    None


Dungeon Overview and Level Annotations

Branches:
Dungeon (6/15)
 Temple: D:4-7

Altars:
Nemelex Xobeh
Ru
Sif Muna
Xom


Message History

The magic dart hits the centaur.
The centaur is severely wounded.
The centaur barely misses you.
Casting: Magic Dart
Confirm with . or Enter, or press ? or * to list all spells.
Aiming: Magic Dart
Press: ? - help, Shift-Dir - straight line, f/p - centaur
Aim: a centaur (severely wounded)
The magic dart hits the centaur.
The centaur is severely wounded.
The centaur barely misses you. x2
Casting: Magic Dart
Confirm with . or Enter, or press ? or * to list all spells.
Aiming: Magic Dart
Press: ? - help, Shift-Dir - straight line, f/p - centaur
Aim: a centaur (severely wounded)
The magic dart hits the centaur.
The centaur is almost dead.
The centaur hits you.
You die...

..............#..####.....
..............#..#).##...
..####........#..#...##.#
..# #.#......#..##...#.#
..# #.#.#.#..#...##.'#.#+
###
#......c......###)..###..
##....##.#........8......
#....##.##c(.###...###..
...#####@.## +#.#+
.........## #.# ....###..#
#.# . #..# ... #..# ..
#... ... ...#. ... #..#.
...# #


You could see a centaur.

Vanquished Creatures
  Menkaure (D:6)
  An ogre (D:3)
  A bullfrog (D:6)
  A scorpion (D:3)
  A howler monkey (D:5)
  2 jellies (D:3)
  An orc wizard (D:5)
  Natasha (thrice) (D:2)
  A worker ant (D:3)
  A howler monkey skeleton (D:5)
  4 adders
  A gnoll (D:4)
  A shadow imp (D:6)
  7 oozes
  2 worms (D:3)
  2 leopard geckos
  10 orcs
  2 giant cockroaches
  8 goblins
  5 hobgoblins
  5 jackals
  11 kobolds
  A quokka (D:3)
  A ball python (D:2)
  8 bats
  3 frilled lizards
  10 rats
94 creatures vanquished.

Vanquished Creatures (others)
  2 fungi (D:3)
  8 toadstools (D:3)
10 creatures vanquished.

Grand Total: 104 creatures vanquished

Notes
Turn   | Place    | Note
-------+----------+-------------------------------------------
     0 | D:1      | Cactus the Deep Elf Conjurer began the quest for the Orb.
     0 | D:1      | Reached XP level 1. HP: 10/10 MP: 6/6
   307 | D:1      | Reached XP level 2. HP: 15/15 MP: 6/8
   311 | D:1      | Learned a level 2 spell: Searing Ray
   403 | D:1      | Reached skill level 5 in Conjurations
   625 | D:2      | Found a sparkling altar of Nemelex Xobeh.
   625 | D:2      | Found a sacrificial altar of Ru.
   746 | D:2      | Noticed Natasha
   760 | D:2      | Reached XP level 3. HP: 15/19 MP: 2/9
   762 | D:2      | Killed Natasha
  1156 | D:2      | Found a deep blue altar of Sif Muna.
  1164 | D:2      | Became a worshipper of Sif Muna the Loreminder
  1191 | D:2      | Noticed Natasha
  1196 | D:2      | Killed Natasha
  1196 | D:2      | Reached skill level 6 in Conjurations
  1196 | D:2      | Reached XP level 4. HP: 24/24 MP: 5/10
  1302 | D:2      | Noticed Natasha
  1309 | D:2      | Killed Natasha
  1746 | D:3      | Found a shimmering altar of Xom.
  1752 | D:3      | Reached XP level 5. HP: 11/28 MP: 4/11
  1920 | D:3      | Noticed an ogre
  1980 | D:3      | Killed an ogre
  1980 | D:3      | Reached skill level 1 in Fighting
  1980 | D:3      | Reached skill level 7 in Conjurations
  2248 | D:3      | Reached XP level 6. HP: 30/35 MP: 2/12
  2386 | D:3      | Reached * piety under Sif Muna
  3168 | D:3      | Reached skill level 8 in Conjurations
  3174 | D:3      | Learned a level 4 spell: Iskenderun's Mystic Blast
  3398 | D:4      | You fall through a shaft for 2 floors!
  3403 | D:6      | Noticed a steam dragon
  3461 | D:6      | Noticed Menkaure
  3464 | D:6      | Killed Menkaure
  3464 | D:6      | Reached XP level 7. HP: 39/40 MP: 3/13
  3721 | D:5      | Entered Level 5 of the Dungeon
  3841 | D:5      | Reached skill level 9 in Conjurations
  3861 | D:5      | HP: 1/41 [centaur (3)]
  3864 | D:5      | Slain by a centaur

Skill      XL: |  1  2  3  4  5  6  7 |
---------------+----------------------+-----
Conjurations   | 5 6 7 8 9 |  9.0
Fighting       | 1 2 3 |  3.0
Short Blades   | |  0.4
Dodging        | |  2.4
Stealth        | |  2.4
Unarmed Combat | |  0.1
Spellcasting   | |  3.0

Action                   |  1- 3 |  4- 6 |  7- 9 || total
-------------------------+-------+-------+-------++-------
Melee: Unarmed           |     5 |       |       ||     5
       Short sword       |    12 |    33 |    31 ||    76
 Cast: Magic Dart        |    46 |   170 |    31 ||   247
       Iskenderun's Myst |       |     1 |     2 ||     3
  Use: Scroll            |     2 |       |       ||     2
  Eat: Chunk             |     1 |     6 |     1 ||     8
       Fruit             |       |     1 |     1 ||     2
Armor: Robe              |     5 |     5 |     5 ||    15
Dodge: Dodged            |    15 |    58 |    39 ||   112
